 Dungeon Crawl Stone Soup version 0.30-a0-870-gc5d4c5acee (webtiles) character file.

Game seed: 4095531057254897400

25 domi the Conjurer (level 2, -2/19 HPs)
             Began as a Demonspawn Conjurer on Mar 11, 2023.
             Slain by a gnoll
             ... wielding a +0 flail
              (9 damage)
             ... on level 2 of the Dungeon.
             The game lasted 00:02:21 (1394 turns).

domi the Conjurer (Demonspawn Conjurer)             Turns: 1394, Time: 00:02:22

Health: -2/19      AC:  2    Str:  7    XL:     2   Next: 86%
Magic:  1/5        EV: 12    Int: 19    God:
Gold:   61         SH:  0    Dex: 11    Spells: 4/5 levels left

rFire   . . .      SeeInvis .    e - +0 short sword (venom)
rCold   . . .      Faith    .    (no shield)
rNeg    . . .      Spirit   .    a - +0 robe
rPois   +          Reflect  .    (no helmet)
rElec   .          Rampage  .    (no cloak)
rCorr   .                        (no gloves)
Will    .....                    (no boots)
Stlth   ++                       j - amulet of regeneration {+regen, !d}
HPRegen 1.03/turn                f - ring of poison resistance {rPois}
MPRegen 0.09/turn                (no ring)

@: no status effects
A: sturdy frame 1
a: no special abilities


You were on level 2 of the Dungeon.
You visited 1 branch of the dungeon, and saw 2 of its levels.

You collected 61 gold pieces.

Inventory:

Hand Weapons
 e - a +0 short sword of venom (weapon)
   (You took it off a kobold on level 1 of the Dungeon)
Armour
 a - a +0 robe (worn)
Jewellery
 f - a ring of poison resistance (left hand) {rPois}
   (You found it on level 1 of the Dungeon)
 j - an amulet of regeneration (around neck) {+regen, !d}
   (You found it on level 2 of the Dungeon)
Scrolls
 d - a scroll of identify {unknown}
 g - a scroll of torment {unknown}
 i - a scroll of brand weapon {unknown}
Potions
 b - a potion of magic
 c - a potion of resistance {unknown}
 h - 3 potions of lignification {unknown}
 k - a potion of curing {unknown}


   Skills:
 - Level 1.7 Dodging
 - Level 1.7 Stealth
 - Level 2.0 Spellcasting
 + Level 4.9 Conjurations


You had 4 spell levels left.
You knew the following spells:

 Your Spells              Type           Power      Damage    Failure   Level
z - Magic Dart            Conj           80%        1d7       2%          1

Your spell library contained the following spells:

 Spells                   Type           Power      Damage    Failure   Level
 Searing Ray              Conj           40%        2d5       3%          2
 Dazzling Flash           Conj/Hex       22%        N/A       19%         3
 Gell's Gravitas          Tloc           1%         N/A       45%         3
 Teleport Other           Tloc           1%         N/A       45%         3
 Fulminant Prism          Conj/Hex       5%         3d7       52%         4
 Iskenderun's Mystic Bla  Conj/Tloc      11%        2d4       52%         4
 Dispersal                Tloc           0%         N/A       100%        6


Dungeon Overview and Level Annotations

Branches:
Dungeon (2/15)

Altars:


Innate Abilities, Weirdness & Mutations

Your movements are slightly less encumbered by armour. (ER -2)


Message History

Where to? (? - help)
There is a stone staircase leading down here.
You climb downwards.
Found 4 poisoned darts.
Found a stone staircase leading up.
There is a stone staircase leading up here.
You see here 4 poisoned darts.
i - a scroll labelled WOAMAX DUCAOPE
h - 3 sapphire potions (gained 1)
Found a stone staircase leading up.
Found a stone staircase leading down.
You can't see any susceptible monsters within range! (Use Z to cast anyway.) Unknown command.
Unknown command.
Unknown command.
Unknown command.
You see here 7 stones.
Found a stone staircase leading down.
A rat comes into view.
A rat is nearby!
Aim: a rat (asleep, 100% to hit)
The magic dart hits the rat.
You kill the rat!
You can't see any susceptible monsters within range! (Use Z to cast anyway.)
You can't see any susceptible monsters within range! (Use Z to cast anyway.)
A bat comes into view.
A bat is nearby!
A bat is nearby!
A bat is nearby!
Aim: a bat (asleep, 100% to hit)
The magic dart hits the bat.
Aim: a bat (moderately wounded, 100% to hit)
The magic dart hits the bat.
You kill the bat!
You can't see any susceptible monsters within range! (Use Z to cast anyway.)
You see here a bat corpse.
j - an amulet of regeneration {+regen, !d} You start putting on your amulet.
You continue putting on your amulet of regeneration {+regen, !d}. x5
You finish putting on your amulet of regeneration {+regen, !d}.
The amulet throbs as it attunes itself to your uninjured body.
j - an amulet of regeneration (around neck) {+regen, !d} A ball python comes into view.
A ball python is nearby!
A ball python is nearby!
A ball python is nearby!
Aim: a ball python (100% to hit)
The magic dart hits the ball python.
The ball python bites you but does no damage.
The ball python grabs you. The ball python constricts you.
Aim: a ball python (moderately wounded, constricting you, 100% to hit)
The magic dart hits the ball python.
You kill the ball python!
You can't see any susceptible monsters within range! (Use Z to cast anyway.)
You now have 61 gold pieces (gained 10).
You see here a +0 club.
k - a fuming sapphire potion A rat comes into view.
A rat is nearby!
A rat is nearby!
Aim: a rat (wandering, hasn't noticed you, 100% to hit)
The magic dart hits the rat.
You kill the rat!
You can't see any susceptible monsters within range! (Use Z to cast anyway.)
You can't see any susceptible monsters within range! (Use Z to cast anyway.)
A gnoll comes into view. It is wielding a +0 flail.
The gnoll shouts!
You hear a shout! x3
A gnoll is nearby!
A gnoll is nearby!
Aim: a gnoll, wielding a +0 flail (100% to hit)
The magic dart hits the gnoll but does no damage.
Aim: a gnoll, wielding a +0 flail (100% to hit)
The magic dart hits the gnoll but does no damage.
Aim: a gnoll, wielding a +0 flail (100% to hit)
The magic dart hits the gnoll but does no damage.
A gnoll comes into view. It is wielding a +0 club.
You don't know that spell.
Aim: a gnoll, wielding a +0 flail (100% to hit)
The magic dart hits the gnoll.
The gnoll throws a throwing net.
The throwing net closely misses you.
You see here a throwing net {=f, !d=f}.
Aim: a gnoll, wielding a +0 flail (lightly wounded, 100% to hit)
The magic dart hits the gnoll but does no damage.
You don't know that spell.
You barely miss the gnoll. The gnoll barely misses you.
You closely miss the gnoll. The gnoll hits you with a +0 flail!
Ouch! That really hurt!
You hit the gnoll. The gnoll hits you with a +0 flail.
* * * LOW HITPOINT WARNING * * *
Unknown command.
You barely miss the gnoll. The gnoll closely misses you.
Unknown command.
The gnoll attacks as you move away! The gnoll barely misses you.
You don't know that spell.
You hit the gnoll.
The gnoll is poisoned.
The gnoll misses you. The gnoll attacks as you move away!
The gnoll hits you with a +0 flail!
* * * LOW HITPOINT WARNING * * *
The gnoll attacks as you move away! The gnoll barely misses you.
The gnoll attacks as you move away! The gnoll hits you with a +0 flail!
You die...

##.###..... # #.#
.... # #.# .. #
#.# # #g# # #.#
####g# #.g..#
#@#### #.#
######### #.#
#.......# #.#
#.......#
#.######.####..#
#...........#..###
########.##.......
#.####..###
#.......#


You could see 2 gnolls.

Vanquished Creatures
  2 dart slugs (D:1)
  4 bats
  2 goblins (D:1)
  2 hobgoblins (D:1)
  3 kobolds (D:1)
  4 ball pythons
  2 frilled lizards (D:1)
  4 rats
23 creatures vanquished.

Notes
Turn   | Place    | Note
-------+----------+-------------------------------------------
     0 | D:1      | domi the Demonspawn Conjurer began the quest for the Orb.
     0 | D:1      | Reached XP level 1. HP: 13/13 MP: 3/3
   318 | D:1      | Gained mutation: Your movements are slightly less
                  | encumbered by armour. (ER -2) [demonic ancestry]
   318 | D:1      | Reached XP level 2. HP: 19/19 MP: 1/5
  1391 | D:2      | HP: 4/19 [gnoll/+0 flail (7)]
  1394 | D:2      | Slain by a gnoll

Illustrated notes

Levels and vault maps discovered:
D:1:      sevenhm_arrival_forest_fort_large_2, layout_loops_ring
D:2:      layout_loops_cross, basic_altar, uniq_sigmund

Action                     || total
---------------------------++-------
  Melee: Short sword       ||    11
   Cast: Magic Dart        ||    46
 Armour: Robe              ||     4
  Dodge: Dodged            ||    16

Table legend: (Time is in decaauts)
 A = Elapsed time spent in this place.
 B = Non-inter-level travel time spent in this place.
 C = Inter-level travel time spent in this place.
 D = Time resting spent in this place.
 E = Time spent auto-exploring this place.
 F = Levels seen in this place.
 G = Mean time per level.
                   A        B        C        D        E       F      G
               +--------+--------+--------+--------+--------+-----+--------+
         Total |   1392 |   1367 |     25 |     82 |   1140 |   2 |  696.0 |
       Dungeon |   1392 |   1367 |     25 |     82 |   1140 |   2 |  696.0 |
               +--------+--------+--------+--------+--------+-----+--------+

Top non-repeatable levels by time:
     D:1: 1120 daAuts
     D:2: 272 daAuts

Table legend:
 A = Kills in this place as a percentage of kills in the entire game.
 B = Kills by you in this place as a percentage of kills by you in the entire game.
 C = Kills by friends in this place as a percentage of kills by friends in the entire game.
 D = Other kills in this place as a percentage of other kills in the entire game.
 E = Experience gained in this place as a percentage of experience gained in the entire game.
 F = Experience gained in this place divided by the number of levels of this place that you have seen.
                   A       B       C       D       E      F
               +-------+-------+-------+-------+-------+----------------------
         Total | 100.0 | 100.0 |   N/A |   N/A | 100.0 |  18.5
       Dungeon | 100.0 | 100.0 |   N/A |   N/A | 100.0 |  18.5
               +-------+-------+-------+-------+-------+----------------------
